 Dungeon Crawl Stone Soup version 0.27-a0-732-ga892ba84f6 (webtiles) character file.

Game seed: 16877427386919236964

915 porpoise the Magician (level 7, -4/41 HPs)
             Began as a Deep Elf Conjurer on Mar 24, 2021.
             Shot with an arrow by a centaur (9 damage)
             ... on level 6 of the Dungeon.
             The game lasted 00:19:38 (5606 turns).

porpoise the Magician (Deep Elf Conjurer)           Turns: 5606, Time: 00:19:38

Health: -4/41      AC:  3    Str:  4    XL:     7   Next: 82%
Magic:  15/19      EV: 12    Int: 25    God:
Gold:   238        SH:  0    Dex: 13    Spells: 9/20 levels left

rFire    . . .     SeeInvis .   a - +3 dagger (drain)
rCold    . . .     Faith    .   (no shield)
rNeg     . . .     Spirit   .   o - +0 robe
rPois    .         Reflect  .   x - +0 helmet
rElec    .         Harm     .   m - scarf {repulsion}
rCorr    .         Rampage  .   (no gloves)
Will     .....                  (no boots)
Stlth    ++........             (no amulet)
HPRegen  0.13/turn              (no ring)
MPRegen  0.16/turn              (no ring)

@: repel missiles
A: no striking features
a: no special abilities


You were on level 6 of the Dungeon.
You visited 2 branches of the dungeon, and saw 7 of its levels.

You collected 238 gold pieces.

Inventory:

Hand Weapons
 a - a +3 dagger of draining (weapon)
 q - a +1 short sword of speed
Missiles
 c - 2 throwing nets
 j - 51 bolts
 k - 58 stones
 l - 4 silver javelins
 n - 3 atropa-tipped darts
 p - 15 boomerangs
 r - 28 poisoned darts (quivered)
Armour
 m - a scarf of repulsion (worn)
 o - a +0 robe (worn)
 x - a +0 helmet (worn)
Wands
 s - a wand of paralysis (6)
 y - a wand of iceblast (7)
Scrolls
 b - a scroll of immolation {unknown}
 d - 5 scrolls of blinking
 h - a scroll of fog {unknown}
 t - 2 scrolls of teleportation
 u - a scroll of acquirement {unknown}
 v - a scroll of torment {unknown}
 w - a scroll of enchant weapon {unknown}
 A - a scroll of vulnerability {unknown}
Potions
 f - a potion of attraction
 g - 3 potions of heal wounds
 i - a potion of lignification
 z - 2 potions of might
 B - 2 potions of ambrosia
 C - a potion of curing


   Skills:
 + Level 3.1 Fighting
 - Level 2.4 Dodging
 - Level 2.4 Stealth
 - Level 7.0 Spellcasting
 - Level 7.0 Conjurations
 + Level 5.0 Hexes


You had 9 spell levels left.
You knew the following spells:

 Your Spells              Type           Power      Damage    Failure   Level
a - Magic Dart            Conj           100%       1d8       1%          1
b - Searing Ray           Conj           86%        3d6       1%          2
c - Fulminant Prism       Conj/Hex       19%        3d11      5%          4
d - Iskenderun's Mystic   Conj/Tloc      26%        2d7       16%         4

Your spell library contained the following spells:

 Spells                   Type           Power      Damage    Failure   Level
 Dazzling Flash           Conj/Hex       76%        N/A       1%          3
 Confusing Touch          Hex            34%        N/A       2%          3
 Freeze                   Ice            32%        1d5       7%          1
 Hailstorm                Conj/Ice       26%        3d7       16%         4
 Frozen Ramparts          Ice            16%        1d3       21%         3
 Gell's Gravitas          Tloc           4%         N/A       21%         3
 Ozocubu's Armour         Ice            8%         N/A       21%         3
 Petrify                  Tmut/Erth      8%         N/A       54%         4
 Summon Ice Beast         Ice/Summ       8%         N/A       54%         4
 Metabolic Englaciation   Hex/Ice        10%        N/A       54%         5
 Yara's Violent Unravell  Hex/Tmut       10%        3d6       54%         5


Dungeon Overview and Level Annotations

Branches:
Dungeon (6/15)             Temple (1/1) D:4

Altars:
Ashenzari
Cheibriados
Dithmenos
Elyvilon
Gozag
Hepliaklqana
Makhleb
Nemelex Xobeh
Okawaru
Qazlal
Ru
Sif Muna
Trog
Uskayaw
Wu Jian
Xom
Yredelemnul
Zin
The Shining One

Annotations:
D:4 1 exclusion


Message History

(Press . to maintain the ray.)
Something hits you. Something shocks you.
The orc priest begins to cast a cantrip, but forgets the words!
The searing ray hits the orc priest!
You kill the orc priest!
Something hits you. Something shocks you.
The searing ray hits something.
The searing ray hits something!
Something hits you. Something shocks you.
The searing ray hits something!
Reactivating autopickup.
You feel a bit more experienced.
You finish channeling your searing ray.
Your Fighting skill increases to level 3!
You start resting.
Something hits you.
Deactivating autopickup; reactivate with Ctrl-A.
You start resting.
You hear some strange, mumbled words.
Something tries to affect you, but you resist.
You start resting.
Something hits you.
* * * LOW HITPOINT WARNING * * *
Casting: Searing Ray (safe; 1% risk of failure)
Confirm with . or Enter, or press ? or * to list all spells.
Okay, then.
Unknown command.
Casting: Searing Ray (safe; 1% risk of failure)
Confirm with . or Enter, or press ? or * to list all spells.
Aiming: Searing Ray (safe; 1% risk of failure)
Press: ? - help, Shift-Dir - straight line The searing ray hits something!
Reactivating autopickup.
You feel a bit more experienced. (Press . to maintain the ray.)
Your Hexes skill increases to level 5!
You start resting.
A centaur comes into view.
The centaur shouts!
The centaur wields a +0 shortbow.
The centaur shoots an arrow.
The arrow hits you!
* * * LOW HITPOINT WARNING * * *
The centaur shoots an arrow.
The arrow hits you!
You die...

((# #.#.#.## c(#
#.#.#§## .)#
#.##.#§#§## #)#
..#.##.#§#§## #.#
#.#.##.#§#☼##
#)#.##.#.##.#§#.##
#.#.##.#.##.#☼#.##
#####.#.##.#.##.#☼#.##
...#@#.##.#.##.#○#.##
#.#.#.##.#....#○#.##
#.........#####○#.##
#.........# ##$#.##
#.........# ##$#.##
#.........# ##$#.+.
#.........# ##$#.#.
#....##.###########.
#..)##...##.........


You could see a centaur.

Vanquished Creatures
  A sky beast (D:6)
  A centaur (D:5)
  2 phantoms
  A scorpion (D:5)
  4 orc priests
  A centaur skeleton (D:3)
  An iguana (D:4)
  4 orc wizards
  2 worker ants (D:5)
  2 hound skeletons
  4 adders
  4 gnolls (D:2)
  A shadow imp (D:5)
  A white imp (D:5)
  4 worms
  10 orcs
  4 giant cockroaches
  5 hobgoblins
  8 kobolds
  10 oozes
  3 quokkas
  3 ball pythons
  5 bats
  8 frilled lizards
  7 goblins
  6 rats
102 creatures vanquished.

Vanquished Creatures (others)
  A plant (D:4)
1 creature vanquished.

Grand Total: 103 creatures vanquished

Notes
Turn   | Place    | Note
-------+----------+-------------------------------------------
     0 | D:1      | porpoise the Deep Elf Conjurer began the quest for the Orb.
     0 | D:1      | Reached XP level 1. HP: 10/10 MP: 6/6
   317 | D:1      | Reached XP level 2. HP: 15/15 MP: 2/8
   366 | D:1      | Learned a level 2 spell: Searing Ray
  1189 | D:2      | Reached skill level 5 in Conjurations
  1189 | D:2      | Reached XP level 3. HP: 19/19 MP: 6/10
  1590 | D:2      | Reached XP level 4. HP: 24/24 MP: 9/12
  1986 | D:2      | Learned a level 4 spell: Fulminant Prism
  1991 | D:2      | Learned a level 4 spell: Iskenderun's Mystic Blast
  2156 | D:2      | Found a shadowy altar of Dithmenos.
  2409 | D:3      | Noticed a phantom
  2450 | D:3      | Killed a phantom
  2451 | D:3      | Reached skill level 5 in Spellcasting
  2451 | D:3      | Reached XP level 5. HP: 28/28 MP: 6/15
  2807 | D:3      | Found a basalt altar of Yredelemnul.
  3305 | D:4      | Found an ornate altar of the Wu Jian Council.
  3312 | D:4      | Reached XP level 6. HP: 32/32 MP: 12/17
  3600 | D:4      | Found a shimmering altar of Xom.
  3883 | D:4      | Reached skill level 1 in Hexes
  3907 | D:4      | Found a hazy altar of Hepliaklqana.
  3970 | D:4      | Noticed a moth of wrath
  4034 | D:4      | Found a staircase to the Ecumenical Temple.
  4043 | Temple   | Entered the Ecumenical Temple
  4339 | D:5      | Entered Level 5 of the Dungeon
  4374 | D:5      | Reached skill level 1 in Fighting
  4583 | D:5      | Reached XP level 7. HP: 38/38 MP: 13/19
  5240 | D:5      | Found a hazy altar of Hepliaklqana.
  5240 | D:5      | Found a broken altar of Ashenzari.
  5249 | D:5      | Found a white marble altar of Elyvilon.
  5251 | D:5      | Found a snail-covered altar of Cheibriados.
  5253 | D:5      | Found a glowing golden altar of the Shining One.
  5430 | D:6      | Found a hide-covered altar of Uskayaw.
  5583 | D:6      | Reached skill level 5 in Hexes
  5606 | D:6      | Shot with an arrow by a centaur

Illustrated notes

Levels and vault maps discovered:
D:1:      dpeg_arrival_shelter, layout_loops_cross
D:2:      layout_loops_corners, nicolae_dithmenos_through_a_glass_darkly
D:3:      layout_rooms, general_overflow_altar
D:4:      layout_cave_pools, kennysheep_mini_moat, nzn_wu_jian_council_hall,
          minmay_temple_entry_poolview, serial_park, serial_park_gazebo
          [serial_park_minivault_5x5_5], tgw_trog
D:5:      layout_loops_ring, chequers_temple_overflow_minitemple
D:6:      lemuel_ice_spiral_2, layout_basic,
          grunt_temple_overflow_growth_and_decay, lemuel_round_altar,
          nicolae_vehumet_radiance
Temple:   jpeg_temple_island

Skill      XL: |  1  2  3  4  5  6  7 |
---------------+----------------------+-----
Spellcasting   | 4 5 6 7 |  7.0
Conjurations   | 5 6 7 |  7.0
Hexes          | 2 5 |  5.0
Fighting       | 1 3 |  3.1
Dodging        | |  2.4
Stealth        | |  2.4

Action                   |  1- 3 |  4- 6 |  7- 9 || total
-------------------------+-------+-------+-------++-------
Melee: Short sword       |    10 |     2 |       ||    12
       Dagger            |       |     1 |       ||     1
Throw: Boomerang         |       |     5 |       ||     5
       Dart              |       |    14 |     8 ||    22
 Cast: Magic Dart        |    25 |    70 |     1 ||    96
       Searing Ray       |    11 |    22 |    10 ||    43
  Use: Scroll            |       |     4 |     4 ||     8
 Stab: Sleeping          |     1 |       |       ||     1
Armor: Robe              |     4 |       |       ||     4
Dodge: Dodged            |    10 |     3 |     5 ||    18

Table legend: (Time is in decaauts)
 A = Elapsed time spent in this place.
 B = Non-inter-level travel time spent in this place.
 C = Inter-level travel time spent in this place.
 D = Time resting spent in this place.
 E = Time spent auto-exploring this place.
 F = Levels seen in this place.
 G = Mean time per level.
                   A        B        C        D        E       F      G
               +--------+--------+--------+--------+--------+-----+--------+
         Total |   5648 |   5496 |    152 |   1797 |   2938 |   7 |  806.9 |
       Dungeon |   5398 |   5252 |    146 |   1797 |   2695 |   6 |  899.7 |
        Temple |    250 |    244 |      6 |      0 |    243 |   1 |  250.0 |
               +--------+--------+--------+--------+--------+-----+--------+

Top non-repeatable levels by time:
     D:2: 1564 daAuts
     D:5: 1061 daAuts
     D:4: 886 daAuts
     D:1: 852 daAuts
     D:3: 826 daAuts
  Temple: 250 daAuts
     D:6: 205 daAuts
